 Dungeon Crawl Stone Soup version 0.29-a0-330-g52719c12eb (webtiles) character file.

Game seed: 17906193784995041844

79 Flugslaktarn the Stinger (level 4, 0/30 HPs)
             Began as a Human Venom Mage on Apr 13, 2022.
             Slain by an orc
             ... wielding a +0 falchion
              (8 damage)
             ... on level 3 of the Dungeon.
             The game lasted 00:03:24 (687 turns).

Flugslaktarn the Stinger (Human Venom Mage)          Turns: 687, Time: 00:03:24

Health: 0/30       AC:  2    Str:  6 (9)  XL:     4   Next: 64%
Magic:  0/7        EV: 12    Int: 14 (17) God:
Gold:   50         SH:  0    Dex: 10 (13) Spells: 5/8 levels left

rFire   . . .      SeeInvis .   f - +2 dagger (speed)
rCold   . . .      Faith    .   (no shield)
rNeg    . . .      Spirit   .   a - +0 robe
rPois   .          Reflect  .   (no helmet)
rElec   .          Harm     .   (no cloak)
rCorr   .          Rampage  .   (no gloves)
Will    .....                   (no boots)
Stlth   ++........              (no amulet)
HPRegen 0.10/turn               (no ring)
MPRegen 0.10/turn               (no ring)

@: no status effects
A: no striking features
a: no special abilities


You were on level 3 of the Dungeon.
You visited 1 branch of the dungeon, and saw 3 of its levels.

You collected 50 gold pieces.

Inventory:

Hand Weapons
 d - a +0 whip
   (You took it off a kobold on level 1 of the Dungeon)
 f - a +2 dagger of speed (weapon)
   (You took it off a goblin on level 1 of the Dungeon)
Missiles
 e - 5 javelins
Armour
 a - a +0 robe (worn)
 h - the +11 chain mail of Sloth {rF+ Str+4 Dex+6 Stlth-}
   (You found it on level 2 of the Dungeon)

   Str:       It affects your strength (+4).
   Dex:       It affects your dexterity (+6).
   rF:        It protects you from fire.
   Stlth:     It makes you less stealthy.
Scrolls
 c - 2 scrolls of amnesia {unknown}
Potions
 b - 2 potions of magic


   Skills:
 - Level 2.0 Dodging
 - Level 2.0 Stealth
 + Level 2.6 Spellcasting
 - Level 2.0 Transmutations
 - Level 2.0 Air Magic
 + Level 3.5 Poison Magic


You had 5 spell levels left.
You knew the following spells:

 Your Spells              Type           Power      Damage    Failure   Level
a - Sting                 Tmut/Pois      36%        1d4       7%          1
b - Poisonous Vapours     Pois/Air       18%        N/A       11%         2

Your spell library contained the following spells:

 Spells                   Type           Power      Damage    Failure   Level
 Mephitic Cloud           Conj/Pois/Air  7%         N/A       30%         3
 Olgreb's Toxic Radiance  Pois           11%        N/A       45%         4


Dungeon Overview and Level Annotations

Branches:
Dungeon (3/15)

Altars:
Nemelex Xobeh


Message History

The sting hits the adder.
The adder is poisoned.
The adder is lightly wounded.
The adder barely misses you.
You miss the adder.
The adder is moderately wounded.
The adder bites you.
* * * LOW HITPOINT WARNING * * *
You hit the adder but do no damage.
The adder is moderately wounded.
The adder bites you but does no damage.
You miss the adder.
The adder is moderately wounded.
The adder misses you.
You hit the adder but do no damage.
The adder is moderately wounded.
The adder barely misses you.
You closely miss the adder.
The adder is moderately wounded.
The adder closely misses you.
You barely miss the adder.
The adder is heavily wounded.
Casting: Sting (safe; 6% risk of failure)
Confirm with . or Enter, or press ? or * to list all spells.
Aiming: Sting (safe; 6% risk of failure)
Press: ? - help, Shift-Dir - straight line, f/p - adder
Aim: an adder (severely wounded, poisoned, 53% to hit)
The sting hits the adder.
The adder looks even sicker.
The adder is almost dead.
The jackal barks!
The adder barely misses you. The adder closely misses you.
You barely miss the adder.
The adder is almost dead.
The adder misses you.
Unknown command.
You kill the adder!
You hit the jackal but do no damage. The jackal closely misses you.
It was a potion of degeneration.
There was something very wrong with that liquid.
You feel weakened.
You feel dopey.
You feel clumsy.
The jackal bites you but does no damage.
Unknown command.
You closely miss the jackal. The jackal bites you.
* * * LOW HITPOINT WARNING * * *
You hit the jackal.
The jackal is moderately wounded.
The jackal bites you.
* * * LOW HITPOINT WARNING * * *
You hit the jackal.
The jackal is heavily wounded.
The jackal barely misses you.
You barely miss the jackal.
The jackal is heavily wounded.
The jackal completely misses you.
You hit the jackal.
The jackal is severely wounded.
The jackal bites you.
* * * LOW HITPOINT WARNING * * *
You hit the jackal.
You kill the jackal!
You see here an adder corpse.
You see here a frilled lizard corpse.
Things that are here:
a jackal corpse; a jackal corpse An adder comes into view.
The adder moves out of view.
There is a stone staircase leading down here.
You climb downwards.
There is a stone staircase leading up here.
Unknown command.
An orc comes into view. It is wielding a +0 falchion.
The orc shouts!
There is an escape hatch in the ceiling here.
Casting: Sting (safe; 7% risk of failure)
Confirm with . or Enter, or press ? or * to list all spells.
You can't see any susceptible monsters within range! (Use Z to cast anyway.)
Casting: Sting (safe; 7% risk of failure)
Confirm with . or Enter, or press ? or * to list all spells.
Aiming: Poisonous Vapours (safe; 11% risk of failure)
Press: ? - help, Dir - move target, f - orc
Aim: an orc, wielding a +0 falchion Poisonous vapours surround the orc!
The orc is poisoned.
Casting: Poisonous Vapours (safe; 11% risk of failure)
Confirm with . or Enter, or press ? or * to list all spells.
Aiming: Sting (safe; 7% risk of failure)
Press: ? - help, Shift-Dir - straight line, f/p - orc
Aim: an orc, wielding a +0 falchion (moderately wounded, poisoned, 68% to hit)
The sting misses the orc.
Casting: Sting (safe; 7% risk of failure)
Confirm with . or Enter, or press ? or * to list all spells.
Aiming: Sting (safe; 7% risk of failure)
Press: ? - help, Shift-Dir - straight line, f/p - orc
Aim: an orc, wielding a +0 falchion (moderately wounded, poisoned, 68% to hit)
The sting misses the orc.
Casting: Sting (safe; 7% risk of failure)
Confirm with . or Enter, or press ? or * to list all spells.
Aiming: Sting (safe; 7% risk of failure)
Press: ? - help, Shift-Dir - straight line, f/p - orc
Aim: an orc, wielding a +0 falchion (severely wounded, poisoned, 68% to hit)
The sting misses the orc.
The orc hits you with a +0 falchion!
You die...

#....#.......###o...o........
#....#.......##..#.##........
##.#.#..........##.###.......
##.#.#.#.....#####.##.)......
#..#.#.#..#....###.#.........
#.##.#....##.#..##...#....#..
#.##.#...............###### .
.....##.........o....#
.....#####......@....# .....#
#............## .....#
#.##............ .....# #.
#.###.#.....# .....####
#.###...###.# #. ........
.##..###...##.##..
†#...##...###..##..........
.##..##........#..........#
.# #..#.#..............>.#


You could see an orc (poisoned).

Vanquished Creatures
  2 gnolls (D:1)
  3 adders
  3 ball pythons (D:3)
  An endoplasm (D:2)
  A giant cockroach (D:2)
  A hobgoblin (D:1)
  7 jackals
  2 quokkas (D:3)
  4 frilled lizards
  3 goblins
  3 kobolds (D:1)
  3 rats
33 creatures vanquished.

Notes
Turn   | Place    | Note
-------+----------+-------------------------------------------
     0 | D:1      | Flugslaktarn the Human Venom Mage began the quest for the
                  | Orb.
     0 | D:1      | Reached XP level 1. HP: 13/13 MP: 3/3
     1 | D:1      | You fall into a shaft and drop 1 floor!
   118 | D:1      | Reached XP level 2. HP: 18/19 MP: 1/5
   121 | D:1      | Learned a level 2 spell: Poisonous Vapours
   188 | D:1      | Reached skill level 1 in Air Magic
   188 | D:1      | Reached XP level 3. HP: 8/24 MP: 0/6
   457 | D:3      | Found a sparkling altar of Nemelex Xobeh.
   488 | D:3      | Reached XP level 4. HP: 22/30 MP: 2/7
   610 | D:2      | Identified the +11 chain mail of Sloth {rF+ Str+4 Dex+6
                  | Stlth-}
   687 | D:3      | Slain by an orc

Illustrated notes

Levels and vault maps discovered:
D:1:      dpeg_arrival_tiny_d, layout_loops_corners, basic_ecumenical_altar,
          nrook_campfire
D:2:      layout_basic, uniq_sigmund
D:3:      layout_rooms, lemuel_doored_altar, st_stairs_1

Skill      XL: |  1  2  3 |
---------------+----------+-----
Transmutations | 2 |  2.0
Air Magic      | 1 2 |  2.0
Dodging        | |  2.0
Stealth        | |  2.0
Spellcasting   | |  2.6
Poison Magic   | |  3.5

Action                   |  1- 3 |  4- 6 || total
-------------------------+-------+-------++-------
Melee: Unarmed           |     2 |       ||     2
       Whip              |     9 |       ||     9
       Punch             |     1 |       ||     1
       Dagger            |    11 |    24 ||    35
 Cast: Sting             |    30 |    19 ||    49
       Poisonous Vapours |       |     1 ||     1
  Use: Potion            |       |     1 ||     1
 Stab: Sleeping          |     1 |       ||     1
Armor: Robe              |     1 |     4 ||     5
Dodge: Dodged            |    12 |    17 ||    29

Table legend: (Time is in decaauts)
 A = Elapsed time spent in this place.
 B = Non-inter-level travel time spent in this place.
 C = Inter-level travel time spent in this place.
 D = Time resting spent in this place.
 E = Time spent auto-exploring this place.
 F = Levels seen in this place.
 G = Mean time per level.
                   A        B        C        D        E       F      G
               +--------+--------+--------+--------+--------+-----+--------+
         Total |    677 |    670 |      7 |      0 |      0 |   3 |  225.7 |
       Dungeon |    677 |    670 |      7 |      0 |      0 |   3 |  225.7 |
               +--------+--------+--------+--------+--------+-----+--------+

Top non-repeatable levels by time:
     D:1: 306 daAuts
     D:2: 207 daAuts
     D:3: 164 daAuts
